Map: New Gettysburg LE

Players

MaSa

  • Race: Terran Terran

ShoWTimE - Winner!

  • Race: Protoss Protoss

Event: IEM Season 11 - Shanghai

VOD

Have the link to the VOD?

Description

Time

  • Played on: July 28, 2016, 11:14 a.m.
  • Length: 11:17

All games in this series

Show
View Real Time Build Order
Export as new Build Order

MaSa Terran 

Build Orders: 1/1/1, Liberator Opening, MMM Bio 

Get SALT Encoding   

  12  0:00  SCV  
  13  0:12  SCV  
  14  0:17  Supply Depot  
  14  0:24  SCV  
  15  0:29  Refinery  
  15  0:39  SCV  
  16  0:45  Barracks  
  16  0:51  SCV  
  17  1:03  SCV  
  18  1:15  SCV  
  19  1:32  Marine, Orbital Command  
  20  1:37  Factory  
  20  1:38  Supply Depot  
  20  1:54  Barracks Reactor  
  20  1:58  SCV  
  21  2:08  Command Center  
  21  2:12  SCV  
  22  2:22  Hellion  
  24  2:24  SCV  
  24  2:27  Starport  
  25  2:33  Refinery  
  25  2:34  Marine  
  26  2:37  Marine  
  26  2:40  SCV  
  26  2:44  Widow Mine  
  28  2:49  Supply Depot  
  30  2:54  SCV  
  31  3:10  Marine x2, Medivac  
  31  3:11  SCV  
  36  3:21  Widow Mine  
  36  3:23  Liberator, Orbital Command, SCV  
  39  3:31  Marine x2  
  39  3:35  SCV  
  43  3:47  SCV  
  44  3:49  SCV  
  44  3:50  Factory Tech Lab  
  44  3:54  Bunker, Marine  
  46  3:59  SCV  
  47  4:03  SCV  
  47  4:08  Siege Tank  
  51  4:11  SCV  
  51  4:16  Marine x2  
  54  4:24  Supply Depot  
  54  4:26  SCV x2  
  54  4:30  Engineering Bay  
  56  4:38  SCV  
  56  4:40  Marine x2  
  56  4:42  SCV  
  60  4:50  SCV  
  58  4:54  Command Center  
  58  4:59  Siege Tank  
  60  5:01  Starport Tech Lab  
  60  5:02  SCV  
  60  5:03  SCV  
  60  5:05  Missile Turret  
  62  5:08  Marine  
  62  5:09  Marine  
  62  5:13  Missile Turret  
  64  5:18  SCV  
  64  5:19  Barracks  
  64  5:20  SCV  
  66  5:27  Marine x2  
  66  5:32  SCV  
  66  5:41  SCV  
  61  5:44  SCV  
  61  5:45  Marine x2  
  64  5:55  SCV  
  61  5:58  SCV  
  60  6:05  Marine  
  60  6:07  SCV  
  60  6:08  Siege Tank  
  60  6:10  SCV  
  65  6:13  Orbital Command  
  65  6:17  Starport Reactor  
  65  6:19  SCV  
  65  6:20  Marine  
  65  6:21  Terran Infantry Weapons Level 1, Refinery x2  
  65  6:22  Marine  
  65  6:23  Marine  
  65  6:24  SCV  
  70  6:31  SCV  
  71  6:36  SCV, Stimpack  
  71  6:38  Barracks  
  71  6:39  Barracks  
  72  6:40  Marine  
  72  6:43  SCV  
  72  6:44  SCV  
  75  6:49  Factory Reactor, Barracks  
  75  6:52  SCV  
  75  6:53  Marine  
  77  6:56  SCV  
  77  6:58  Medivac  
  79  7:02  Medivac  
  79  7:03  Marine  
  79  7:04  Marine, SCV  
  84  7:08  SCV  
  84  7:10  Orbital Command  
  85  7:17  Supply Depot x2  
  85  7:24  Supply Depot  
  85  7:29  Supply Depot  
  85  7:30  Barracks Tech Lab x2  
  85  7:38  Widow Mine x2, Medivac x2  
  85  7:39  Marine, SCV x2  
  85  7:40  Supply Depot x2, SCV  
  96  7:50  Combat Shields, Marauder x2  
  100  7:51  SCV  
  100  7:52  Marine, Marauder  
  101  8:00  SCV  
  101  8:03  Marine, SCV  
  101  8:04  Marine  
  101  8:09  SCV  
  98  8:13  SCV  
  98  8:16  SCV  
  100  8:23  Marine  
  100  8:24  SCV, Marauder  
  104  8:30  Terran Infantry Armor Level 1  
  104  8:33  SCV x2  
  103  8:45  SCV  
  103  8:47  Marauder, SCV x2  
  96  8:55  Barracks Reactor  
  96  8:57  SCV  
  96  8:59  Viking, SCV  
  100  9:04  Missile Turret  
  100  9:06  Medivac, SCV  
  100  9:09  SCV  
  104  9:15  SCV  
  105  9:18  SCV  
  105  9:21  SCV  
  107  9:26  Armory  
  107  9:28  Marine, SCV  
  107  9:29  Marine x2, Marauder x2  
  107  9:30  Widow Mine, Concussive Shells  
  117  9:34  Supply Depot  
  117  9:41  Missile Turret, SCV  
  117  9:42  SCV  
  117  9:44  Missile Turret, SCV  
  116  9:52  Marine  
  116  9:55  Marine  
  116  9:56  Marauder x2, SCV x2  
  116  9:57  Supply Depot  
  124  10:02  Starport  
  124  10:05  Fusion Core  
  124  10:08  SCV  
  124  10:09  Liberator  
  124  10:13  Supply Depot  
  125  10:14  Supply Depot  
  125  10:18  Widow Mine  
  125  10:19  SCV x2  
  128  10:25  Widow Mine  
  133  10:33  Supply Depot  
  136  10:39  Supply Depot  
  136  10:40  Marauder x2  
  140  10:46  Supply Depot  
  140  10:47  Marine x3  
  142  10:57  Marine  
Show
View Real Time Build Order
Export as new Build Order

ShoWTimE Protoss - Winner!

Build Orders: 1 Gate Expand 

Get SALT Encoding   

  12  0:01  Probe (Chrono Boost)  
  13  0:11  Probe (Chrono Boost)  
  14  0:17  Pylon  
  14  0:22  Probe (Chrono Boost)  
  15  0:36  Probe (Chrono Boost), Gateway  
  15  0:42  Assimilator  
  16  0:46  Probe (Chrono Boost)  
  18  0:57  Probe (Chrono Boost)  
  18  1:07  Probe (Chrono Boost)  
  19  1:21  Nexus  
  19  1:34  Cybernetics Core  
  19  1:35  Probe (Chrono Boost)  
  20  1:43  Pylon  
  20  1:45  Probe (Chrono Boost)  
  21  1:50  Assimilator  
  21  1:56  Probe (Chrono Boost)  
  21  1:59  Warp Gate  
  22  2:06  Stalker  
  22  2:07  Probe (Chrono Boost)  
  24  2:19  Probe (Chrono Boost)  
  25  2:31  Mothership Core (Chrono Boost)  
  25  2:34  Probe (Chrono Boost)  
  28  2:45  Robotics Facility  
  28  2:46  Probe (Chrono Boost)  
  28  2:50  Probe (Chrono Boost)  
  30  2:53  Stalker  
  33  2:58  Probe (Chrono Boost)  
  33  3:02  Probe (Chrono Boost)  
  34  3:10  Probe (Chrono Boost)  
  36  3:14  Probe (Chrono Boost)  
  36  3:20  Gateway  
  36  3:22  Probe (Chrono Boost)  
  36  3:27  Gateway  
  36  3:30  Probe (Chrono Boost), Observer  
  36  3:34  Probe (Chrono Boost), Stalker  
  42  3:41  Pylon  
  42  3:42  Probe (Chrono Boost)  
  42  3:47  Probe (Chrono Boost)  
  43  3:49  Pylon  
  43  3:54  Probe (Chrono Boost), Warp Prism  
  44  3:59  Probe (Chrono Boost)  
  47  4:06  Probe (Chrono Boost)  
  49  4:11  Probe (Chrono Boost)  
  50  4:17  Probe (Chrono Boost)  
  50  4:19  Stalker  
  50  4:20  Stalker  
  50  4:22  Stalker  
  50  4:23  Probe (Chrono Boost)  
  57  4:27  Pylon  
  57  4:28  Probe (Chrono Boost)  
  58  4:35  Probe (Chrono Boost)  
  60  4:38  Probe (Chrono Boost)  
  60  4:47  Probe (Chrono Boost), Pylon  
  60  4:49  Probe (Chrono Boost)  
  62  4:53  Stalker x3  
  62  4:59  Probe (Chrono Boost)  
  70  5:00  Probe (Chrono Boost)  
  70  5:02  Observer  
  70  5:04  Pylon  
  71  5:08  Pylon  
  71  5:12  Probe (Chrono Boost)  
  71  5:13  Nexus  
  72  5:17  Assimilator  
  72  5:19  Assimilator  
  72  5:20  Probe (Chrono Boost)  
  73  5:24  Probe (Chrono Boost)  
  73  5:25  Adept x2  
  78  5:29  Adept  
  78  5:31  Probe (Chrono Boost)  
  82  5:36  Probe (Chrono Boost)  
  82  5:41  Probe (Chrono Boost)  
  79  5:48  Twilight Council  
  78  5:50  Probe (Chrono Boost), Forge x2  
  78  5:52  Probe (Chrono Boost)  
  78  5:53  Observer  
  72  6:05  Probe (Chrono Boost)  
  71  6:11  Blink  
  71  6:12  Warp Prism, Gateway  
  71  6:14  Gateway  
  71  6:16  Protoss Ground Armor Level 1  
  71  6:17  Gateway  
  73  6:20  Probe (Chrono Boost)  
  73  6:21  Probe (Chrono Boost)  
  75  6:28  Gateway  
  75  6:29  Gateway  
  75  6:35  Probe (Chrono Boost)  
  75  6:36  Probe (Chrono Boost)  
  75  6:37  Probe (Chrono Boost)  
  78  6:45  Sentry x2  
  78  6:46  Sentry  
  86  6:47  Probe (Chrono Boost)  
  86  6:48  Probe (Chrono Boost)  
  86  6:49  Observer, Protoss Ground Weapons Level 1  
  86  6:50  Pylon  
  86  6:53  Probe (Chrono Boost)  
  88  6:56  Assimilator  
  88  6:59  Probe (Chrono Boost)  
  88  7:00  Probe (Chrono Boost), Pylon  
  90  7:03  Assimilator  
  90  7:05  Probe (Chrono Boost)  
  91  7:10  Dark Shrine  
  91  7:11  Probe (Chrono Boost)  
  91  7:14  Adept  
  91  7:15  Adept x4  
  102  7:22  Adept  
  103  7:25  Pylon  
  103  7:30  Adept x2  
  103  7:32  Immortal  
  103  7:35  Adept x2  
  115  7:39  Pylon  
  115  7:45  Pylon  
  115  7:48  Nexus  
  115  7:51  Pylon  
  115  7:56  Protoss Ground Armor Level 2  
  115  8:02  Adept  
  115  8:03  Adept x5  
  115  8:05  Adept  
  127  8:11  Adept  
  127  8:25  Warp Prism  
  127  8:29  Protoss Ground Weapons Level 2, Adept  
  127  8:30  Adept x4  
  127  8:31  Adept  
  139  8:45  Adept x2  
  133  8:49  Templar Archives  
  133  8:54  Adept x5  
  133  9:08  Pylon  
  133  9:17  Resonating Glaives, Immortal  
  133  9:23  Dark Templar  
  139  9:25  Adept x6  
  139  9:26  Adept  
  139  9:30  Probe (Chrono Boost)  
  155  9:32  Probe (Chrono Boost), Assimilator  
  155  9:34  Assimilator  
  155  9:35  Pylon  
  155  9:49  Psionic Storm  
  153  9:58  Stalker x4  
  153  9:59  Stalker x4  
  169  10:04  Immortal  
  173  10:08  Pylon  
  173  10:26  High Templar x2  
  173  10:27  Adept  
  173  10:28  Adept x5  
  188  10:41  Pylon, Stargate  
  188  10:57  Nexus  
  183  10:59  Pylon  
  183  11:03  Dark Templar x2  
  183  11:04  Adept x4  
  181  11:11  Archon  
  181  11:12  Adept x2  

Tags
 
Add a new tag
Caveats
  • Supply blocks, unpowered buildings, or Contaminate may cause inaccurate times.
  • Supply counts are checked every 10 seconds.